 Dungeon Crawl Stone Soup version 0.29-a0-370-gb5314be063 (webtiles) character file.

Game seed: 1116718506037815225

109 Bruhh the Ducker (level 4, 0/41 HPs)
             Began as a Gnoll Monk on May 2, 2022.
             Was a Believer of Uskayaw.
             Slain by an orc wizard
             ... wielding a +0 dagger
              (2 damage)
             ... on level 4 of the Dungeon.
             The game lasted 00:02:56 (2872 turns).

Bruhh the Ducker (Gnoll Monk)                       Turns: 2872, Time: 00:02:58

Health: 0/41       AC:  2    Str:  9 (12) XL:     4   Next: 89%
Magic:  5/5        EV: 12    Int:  8 (10) God:    Uskayaw [**....]
Gold:   94         SH:  7    Dex: 12 (14) Spells: 5/5 levels left

rFire   . . .      SeeInvis .   a - +0 hand axe
rCold   . . .      Faith    .   h - +0 kite shield
rNeg    . . .      Spirit   .   b - +0 robe
rPois   .          Reflect  .   (no helmet)
rElec   .          Harm     .   (no cloak)
rCorr   .          Rampage  .   (no gloves)
Will    .....                   (no boots)
Stlth   +++.......              (no amulet)
HPRegen 0.13/turn               (no ring)
MPRegen 0.09/turn               (no ring)

@: no status effects
A: fangs 1, strong nose, distributed training
a: Renounce Religion, Stomp, Line Pass


You were on level 4 of the Dungeon.
You worshipped Uskayaw.
Uskayaw was noncommittal.
You visited 1 branch of the dungeon, and saw 4 of its levels.

You collected 94 gold pieces.

Inventory:

Hand Weapons
 a - a +0 hand axe (weapon)
Armour
 b - a +0 robe (worn)
 h - a +0 kite shield (worn)
Jewellery
 l - an amulet of reflection
Scrolls
 d - a scroll of summoning {unknown}
 f - a scroll of immolation {unknown}
 g - 3 scrolls of enchant weapon {unknown}
 i - a scroll of fog {unknown}
Potions
 c - a potion of ambrosia
 e - a potion of brilliance {unknown}
 j - 2 potions of degeneration
 k - a potion of heal wounds {unknown}


   Skills:
 + Level 6.6 Fighting
 + Level 1.2 Short Blades
 + Level 1.2 Long Blades
 + Level 6.6 Axes
 + Level 1.2 Maces & Flails
 + Level 1.2 Polearms
 + Level 1.2 Staves
 + Level 1.2 Slings
 + Level 1.2 Bows
 + Level 1.2 Crossbows
 + Level 1.2 Throwing
 + Level 1.2 Armour
 + Level 6.6 Dodging
 + Level 4.3 Stealth
 + Level 1.2 Shields
 + Level 1.2 Unarmed Combat
 + Level 1.2 Spellcasting
 + Level 1.0 Conjurations
 + Level 1.0 Hexes
 + Level 1.0 Summonings
 + Level 1.0 Necromancy
 + Level 1.0 Translocations
 + Level 1.0 Transmutations
 + Level 1.0 Fire Magic
 + Level 1.0 Ice Magic
 + Level 1.0 Air Magic
 + Level 1.0 Earth Magic
 + Level 1.0 Poison Magic
 + Level 1.4 Invocations
 + Level 1.2 Evocations


You had 5 spell levels left.
You didn't know any spells.
Your spell library contained the following spells:

 Spells                   Type           Power      Damage    Failure   Level
 Ensorcelled Hibernation  Hex/Ice        4%         N/A       78%         2
 Passwall                 Tmut/Erth      1%         N/A       78%         2
 Spider Form              Tmut/Pois      2%         N/A       95%         3
 Swiftness                Air            2%         N/A       95%         3
 Anguish                  Hex/Necr       1%         N/A       100%        4


Dungeon Overview and Level Annotations

Branches:
Dungeon (3/15)

Altars:
Uskayaw


Innate Abilities, Weirdness & Mutations

You have very sharp teeth.
Your uncanny sense of smell can sniff out nearby items.
Your experience applies equally to all skills.


Message History

You hit the worm but do no damage.
The worm is moderately wounded.
The worm barely misses you.
You hit the worm.
The worm is heavily wounded.
The worm misses you.
You hit the worm.
The worm is severely wounded.
The orc wizard casts a spell at you.
You are confused.
The worm bites you!
You're too confused to move!
The orc wizard gestures at you while chanting.
The magic dart hits you!
You bump into the rock wall.
The worm misses you.
You hit the worm but do no damage.
The worm is heavily wounded.
You hit the orc wizard. You hit the worm.
The worm is severely wounded.
You closely miss the orc wizard. The worm bites you!
* * * LOW HITPOINT WARNING * * *
The orc priest looks satisfied for a moment.
The orc wizard closely misses you.
You slash the worm!
You kill the worm!
You barely miss the orc wizard.
You feel less confused.
The orc priest looks satisfied for a moment.
The orc wizard casts a spell at you. The magic dart hits you!
* * * LOW HITPOINT WARNING * * *
You can now pass through a line of other dancers.
It was a potion of degeneration.
There was something very wrong with that liquid.
You feel weakened.
You feel dopey.
You feel clumsy.
The orc priest calls down the wrath of Beogh upon you.
You barely resist.
The orc wizard hits you with a +0 dagger.
You die...

##.....#... #.# ....
#.........# ..##...#.
##.........#####..... ..
...........#.##.....##..
...................#..
......#..#....#......
#..##..#.#........#
#........#.....#..#
#.@...o##..###.#...
##o.##..#..###....#
#.###....###...$.. ###
#....# ###.... ###..#
###.. #.... #... .....#
#.... ##...## #...#
#.### .....


You could see an orc priest and an orc wizard.

Vanquished Creatures
  An iguana (D:2)
  A gnoll (D:1)
  2 adders (D:2)
  2 worms
  4 bats
  2 endoplasms (D:1)
  6 giant cockroaches
  6 goblins
  6 hobgoblins
  A quokka (D:1)
  5 ball pythons
  5 frilled lizards
  4 kobolds
  3 rats
48 creatures vanquished.

Notes
Turn   | Place    | Note
-------+----------+-------------------------------------------
     0 | D:1      | Bruhh the Gnoll Monk began the quest for the Orb.
     0 | D:1      | Reached XP level 1. HP: 23/23 MP: 1/1
   337 | D:1      | Reached XP level 2. HP: 14/29 MP: 2/2
   724 | D:1      | Found a faded altar of an unknown god.
   798 | D:1      | Prayed at the altar of an unknown god.
   798 | D:1      | Became a worshipper of Uskayaw the Reveller
   798 | D:1      | Reached * piety under Uskayaw
   798 | D:1      | Reached ** piety under Uskayaw
   845 | D:1      | Reached XP level 3. HP: 35/35 MP: 3/3
  1253 | D:1      | Reached skill level 1 in Invocations
  1928 | D:2      | Reached skill level 1 in Short Blades
  1928 | D:2      | Reached skill level 1 in Long Blades
  1928 | D:2      | Reached skill level 1 in Maces & Flails
  1928 | D:2      | Reached skill level 1 in Polearms
  1928 | D:2      | Reached skill level 1 in Staves
  1928 | D:2      | Reached skill level 1 in Slings
  1928 | D:2      | Reached skill level 1 in Bows
  1928 | D:2      | Reached skill level 1 in Crossbows
  1928 | D:2      | Reached skill level 1 in Throwing
  1928 | D:2      | Reached skill level 1 in Armour
  1928 | D:2      | Reached skill level 1 in Shields
  1928 | D:2      | Reached skill level 1 in Unarmed Combat
  1928 | D:2      | Reached skill level 1 in Spellcasting
  1928 | D:2      | Reached skill level 1 in Evocations
  1996 | D:2      | Reached XP level 4. HP: 41/41 MP: 5/5
  2261 | D:2      | Reached skill level 1 in Conjurations
  2261 | D:2      | Reached skill level 1 in Hexes
  2261 | D:2      | Reached skill level 1 in Summonings
  2261 | D:2      | Reached skill level 1 in Necromancy
  2261 | D:2      | Reached skill level 1 in Translocations
  2261 | D:2      | Reached skill level 1 in Transmutations
  2261 | D:2      | Reached skill level 1 in Fire Magic
  2261 | D:2      | Reached skill level 1 in Ice Magic
  2261 | D:2      | Reached skill level 1 in Air Magic
  2261 | D:2      | Reached skill level 1 in Earth Magic
  2261 | D:2      | Reached skill level 1 in Poison Magic
  2705 | D:3      | You fall into a shaft and drop 1 floor!
  2871 | D:4      | HP: 2/41 [orc wizard/magic dart (7)]
  2872 | D:4      | Slain by an orc wizard

Illustrated notes

Levels and vault maps discovered:
D:1:      lightli_arrival_windingriver, layout_loops_corners,
          dreamdust_ecumenical_altar_hidden_monk_grotto
D:2:      layout_basic
D:3:      layout_rooms, nicolae_gozag_cash_rules_everything_around_me,
          mainiacjoe_overflow_surrounded_room, minmay_cut_off
D:4:      layout_cave_pools, kiku_gazebo_pond_becter

Skill      XL: |  1  2  3  4 |
---------------+-------------+-----
Invocations    | 1 |  1.4
Short Blades   | 1 |  1.2
Long Blades    | 1 |  1.2
Maces & Flails | 1 |  1.2
Polearms       | 1 |  1.2
Staves         | 1 |  1.2
Slings         | 1 |  1.2
Bows           | 1 |  1.2
Crossbows      | 1 |  1.2
Throwing       | 1 |  1.2
Armour         | 1 |  1.2
Shields        | 1 |  1.2
Unarmed Combat | 1 |  1.2
Spellcasting   | 1 |  1.2
Evocations     | 1 |  1.2
Conjurations   | 1 |  1.0
Hexes          | 1 |  1.0
Summonings     | 1 |  1.0
Necromancy     | 1 |  1.0
Translocations | 1 |  1.0
Transmutations | 1 |  1.0
Fire Magic     | 1 |  1.0
Ice Magic      | 1 |  1.0
Air Magic      | 1 |  1.0
Earth Magic    | 1 |  1.0
Poison Magic   | 1 |  1.0
Fighting       | |  6.6
Axes           | |  6.6
Dodging        | |  6.6
Stealth        | |  4.3

Action                   |  1- 3 |  4- 6 || total
-------------------------+-------+-------++-------
Melee: Hand axe          |   118 |    56 ||   174
       Bite              |    12 |     5 ||    17
  Use: Potion            |       |     1 ||     1
 Stab: Sleeping          |    12 |     2 ||    14
Armor: Robe              |    18 |     5 ||    23
Dodge: Dodged            |    68 |    22 ||    90
Block: Kite shield       |    17 |    20 ||    37

Table legend: (Time is in decaauts)
 A = Elapsed time spent in this place.
 B = Non-inter-level travel time spent in this place.
 C = Inter-level travel time spent in this place.
 D = Time resting spent in this place.
 E = Time spent auto-exploring this place.
 F = Levels seen in this place.
 G = Mean time per level.
                   A        B        C        D        E       F      G
               +--------+--------+--------+--------+--------+-----+--------+
         Total |   2886 |   2730 |    156 |      0 |   2274 |   4 |  721.5 |
       Dungeon |   2886 |   2730 |    156 |      0 |   2274 |   4 |  721.5 |
               +--------+--------+--------+--------+--------+-----+--------+

Top non-repeatable levels by time:
     D:1: 1543 daAuts
     D:2: 1163 daAuts
     D:4: 169 daAuts
     D:3: 10 daAuts
